 Dungeon Crawl Stone Soup version 0.22-a0-149-g870e420 (webtiles) character file.

149 4thArraOfDagon the Insei (level 5, -8/41 HPs)
             Began as a Human Monk on Feb 7, 2018.
             Mangled by an ogre
             ... wielding a +0 giant club
              (26 damage)
             ... on level 6 of the Dungeon.
             The game lasted 00:05:14 (894 turns).

4thArraOfDagon the Insei (Human Monk)                Turns: 894, Time: 00:05:15

Health: -8/41      AC:  2    Str: 12    XL:     5   Next: 56%
Magic:  5/5        EV: 13    Int: 11    God:
Gold:   140        SH:  0    Dex: 17    Spells: 2/4 levels left

rFire    . . .     SeeInvis .     - Unarmed
rCold    . . .     Gourm    .   (no shield)
rNeg     . . .     Faith    +   a - +0 robe
rPois    .         Spirit   .   (no helmet)
rElec    .         Reflect  .   g - scarf {repulsion}
rCorr    .         Harm     .   (no gloves)
MR       .....                  (no boots)
Stlth    ++........             m - amulet of faith
HPRegen  0.13/turn              c - +2 ring of dexterity
MPRegen  0.09/turn              (no ring)

@: repel missiles
A: no striking features
a: no special abilities


You were on level 6 of the Dungeon.
You were not hungry.

You visited 1 branch of the dungeon, and saw 6 of its levels.

You collected 140 gold pieces.

Inventory:

Armour
 a - a +0 robe (worn)
 g - a scarf of repulsion (worn)
Jewellery
 c - a +2 ring of dexterity (left hand)
 h - an uncursed amulet of the gourmand
 j - an uncursed ring of ice
 m - an amulet of faith (around neck)
Wands
 d - a wand of paralysis (4)
Scrolls
 n - a scroll of blinking {unknown}
 o - a scroll of magic mapping {unknown}
Potions
 e - a potion of brilliance
 f - a potion of magic {unknown}
 k - a potion of flight
 l - a potion of resistance
Books
 p - a book of Minor Magic

   Spells                             Type                      Level
   a - Magic Dart                     Conjuration                  1
   b - Blink                          Translocation                2
   c - Call Imp                       Summoning                    2
   d - Slow                           Hexes                        2
   e - Conjure Flame                  Conjuration/Fire             3
   f - Mephitic Cloud                 Conjuration/Poison/Air       3
Comestibles
 b - 5 rations
 i - 6 chunks of flesh


   Skills:
 - Level 3.1 Fighting
 - Level 3.1 Dodging
 - Level 2.0 Stealth
 * Level 5.6 Unarmed Combat


You had 2 spell levels left.
You knew the following spells:

 Your Spells              Type           Power        Failure   Level  Hunger
a - Blink                 Tloc           N/A          47%         2    ###....


Dungeon Overview and Level Annotations

Branches:
Dungeon (6/15)
 Temple: D:4-7

Altars:
Ashenzari
Qazlal
Vehumet
Zin

Annotations:
D:4 wazuzu's ghost, novice GnWz


Message History

Evoke which item? (* to show all) (? for menu, Esc to quit)
Aiming: Paralyse
Press: ? - help, Shift-Dir - straight line, f - ogre
Aim: an ogre, wielding a giant club (chance to defeat MR: 46%)
The ogre resists with some effort.
The ogre barely misses you.
Unknown command.
Evoke which item? (* to show all) (? for menu, Esc to quit)
Aiming: Paralyse
Press: ? - help, Shift-Dir - straight line, f/p - ogre
Aim: an ogre, wielding a giant club (chance to defeat MR: 46%)
The ogre resists with some effort.
The ogre hits you with a giant club!!
Ouch! That really hurt!
Unknown command.
Evoke which item? (* to show all) (? for menu, Esc to quit)
Aiming: Paralyse
Press: ? - help, Shift-Dir - straight line, f/p - ogre
Aim: an ogre, wielding a giant club (chance to defeat MR: 46%)
The ogre resists with some effort.
The ogre hits you with a giant club!!
Ouch! That really hurt!
You die...

#.# #.# #.#
#.# #.# #.#
#<# #.#
#.###.####
#........#
#####.##.#
#.##.# #.##@#
#########O#
.........#s#
#...#...##.#
....sO.....#
#...#...#..#
..............
########....##
.#.....


You could see an ogre and a giant cockroach.

Vanquished Creatures
  A centaur (D:5)
  A howler monkey (D:6)
  A shadow imp (D:5)
  An adder skeleton (D:4)
  A dart slug (D:1)
  A leopard gecko (D:1)
  An orc (D:4)
  2 bats
  A giant cockroach (D:4)
  2 hobgoblins
  4 jackals (D:3)
  2 ball pythons (D:5)
  2 frilled lizards
  2 goblins (D:3)
  A quokka skeleton (D:4)
  2 rats (D:1)
25 creatures vanquished.

Notes
Turn   | Place    | Note
-------+----------+-------------------------------------------
     0 | D:1      | 4thArraOfDagon the Human Monk began the quest for the Orb.
     0 | D:1      | Reached XP level 1. HP: 18/18 MP: 1/1
    54 | D:1      | Reached XP level 2. HP: 20/24 MP: 2/2
   342 | D:4      | Reached XP level 3. HP: 29/29 MP: 3/3
   366 | D:4      | Found a shattered altar of Ashenzari.
   377 | D:4      | Noticed a scorpion
   380 | D:4      | Noticed wazuzu's ghost (novice GnWz)
   515 | D:4      | Found a glowing silver altar of Zin.
   516 | D:4      | Found a stormy altar of Qazlal.
   518 | D:4      | Found a radiant altar of Vehumet.
   603 | D:5      | Entered Level 5 of the Dungeon
   717 | D:5      | Reached skill level 4 in Unarmed Combat
   745 | D:5      | Learned a level 2 spell: Blink
   779 | D:5      | Noticed a centaur
   788 | D:5      | Killed a centaur
   788 | D:5      | Reached skill level 5 in Unarmed Combat
   788 | D:5      | Reached XP level 4. HP: 32/35 MP: 4/4
   788 | D:5      | Reached XP level 5. HP: 38/41 MP: 5/5
   878 | D:6      | Noticed an ogre
   894 | D:6      | Mangled by an ogre

Vault maps used:
D:1:      tarquinn_simple_flora_water_f
D:2:      overflow_temple_1_default
D:3:      lemuel_round_altar, first_ration, uniq_sigmund, uniq_natasha
D:4:      minitemple, evilmike_ruin_ashenzari
D:6:      lemuel_coloured_pillars_altar, serial_shops, shop, minmay_lizard_king

Skill      XL: |  1  2  3 |
---------------+----------+-----
Unarmed Combat | 5 |  5.6
Fighting       | |  3.1
Dodging        | |  3.1
Stealth        | |  2.0

Action                   |  1- 3 |  4- 6 || total
-------------------------+-------+-------++-------
Melee: Unarmed           |    77 |     6 ||    83
       Punch             |     1 |     1 ||     2
Evoke: Wand              |     6 |     3 ||     9
  Use: Scroll            |     6 |       ||     6
       Potion            |     3 |       ||     3
 Stab: Sleeping          |     4 |       ||     4
       Paralysed         |     7 |       ||     7
Armor: Robe              |     8 |       ||     8
Dodge: Dodged            |    50 |     4 ||    54

Table legend:
 A = Spawn XP
 B = Non-spawn XP
 C = Spawn XP percentage of total XP
 D = Spawn monster count
 E = Non-spawn monster count
 F = Spawn count percentage of total count
 G = Total turns spent on level
                    A         B        C        D         E        F      G
               +---------+---------+-------+---------+---------+-------+---------
         Total |       0 |     213 |   0.0 |       0 |      25 |   0.0 |   894
               +---------+---------+-------+---------+---------+-------+---------
           D:1 |       0 |      14 |   0.0 |       0 |       7 |   0.0 |   127
           D:3 |       0 |      14 |   0.0 |       0 |       8 |   0.0 |   147
           D:4 |       0 |      12 |   0.0 |       0 |       5 |   0.0 |   385
           D:5 |       0 |     125 |   0.0 |       0 |       4 |   0.0 |   191
           D:6 |       0 |      48 |   0.0 |       0 |       1 |   0.0 |    32
               +---------+---------+-------+---------+---------+-------+---------
